 Dungeon Crawl Stone Soup version 0.31-a0-229-g1fc7ce93e2 (webtiles) character file.

Game seed: 5404489849054527947

9297 sanka the Destroyer (level 11, -3/93 HPs)
             Began as a Demigod Conjurer on July 4, 2023.
             Slain by a two-headed ogre
             ... wielding a +0 giant spiked club
              (21 damage)
             ... on level 10 of the Dungeon on July 6, 2023.
             The game lasted 00:29:18 (12751 turns).

sanka the Destroyer (Demigod Conjurer)             Turns: 12751, Time: 00:29:19

Health: -3/93      AC: 12    Str:  8    XL:     11   Next: 1%
Magic:  3/22       EV: 16    Int: 32    God:
Gold:   465        SH:  0    Dex: 18    Spells: 13/20 levels left

rFire   . . .        F - +4 halberd
rCold   . . .        (shield currently unavailable)
rNeg    . . .        C - +0 steam dragon scales
rPois   .            (no helmet)
rElec   .            I - +0 cloak
rCorr   .            g - +0 pair of gloves
SInv    .            N - +0 pair of boots
Will    +....        (no amulet)
Stlth   ++           M - +6 ring of dexterity
HPRegen 0.35/turn    m - +4 ring of protection
MPRegen 0.18/turn

%: no passive effects
@: no status effects
A: high MP 1, forlorn, divine attributes
a: no special abilities


You were on level 10 of the Dungeon.
You visited 1 branch of the dungeon, and saw 10 of its levels.

You collected 645 gold pieces.
You spent 180 gold pieces at shops.


Innate Abilities, Weirdness & Mutations

You have an increased reservoir of magic. (+10% MP)
You shall have no god before yourself.
Your divine heritage dramatically boosts your attributes as you level up.


   Skills:
 + Level 7.7 Fighting
 + Level 6.8 Dodging
 - Level 1.7 Stealth
 - Level 5.0 Spellcasting
 - Level 12.0 Conjurations
 - Level 1.0 Hexes


You had 13 spell levels left.
You knew the following spells:

 Your Spells              Type           Power      Damage    Failure   Level
x - Searing Ray           Conj           100%       2d8       1%          2
z - Magic Dart            Conj           100%       1d8       1%          1
Z - Fulminant Prism       Conj/Hex       24%        3d12      3%          4

Your spell library contained the following spells:

 Spells                   Type           Power      Damage    Failure   Level
 Dazzling Flash           Conj/Hex       98%        N/A       1%          3
 Mephitic Cloud           Conj/Pois/Air  33%        N/A       3%          3
 Flame Wave               Conj/Fire      46%        2d12      4%          4
 Iskenderun's Mystic Bla  Conj/Tloc      46%        2d10      4%          4
 Ensorcelled Hibernation  Hex/Ice        22%        N/A       6%          2
 Call Imp                 Summ           16%        N/A       8%          2
 Passwall                 Tmut/Erth      6%         N/A       8%          2
 Scorch                   Fire           16%        2d6       8%          2
 Ozocubu's Armour         Ice            8%         N/A       16%         3
 Swiftness                Air            8%         N/A       16%         3
 Summon Cactus Giant      Summ           4%         N/A       100%        6
 Ozocubu's Refrigeration  Ice            4%         4d8       100%        7

Inventory:

Hand Weapons
 c - a +2 dagger of protection
 B - a +0 flail of holy wrath
 F - a +4 halberd (weapon)
Missiles
 y - 6 curare-tipped darts {=f}
Armour
 g - a +0 pair of gloves (worn)
 C - +0 steam dragon scales (worn)
 H - a +0 robe of resistance
 I - a +0 cloak (worn)
 N - a +0 pair of boots (worn)
 Q - +0 acid dragon scales
Magical Staves
 P - a staff of fire
Jewellery
 m - a +4 ring of protection (right hand)
 J - a ring of fire
 K - a ring of protection from cold
 M - a +6 ring of dexterity (left hand)
 O - a ring of poison resistance
 S - a ring of flight
Wands
 a - a wand of charming (6)
Scrolls
 e - a scroll of enchant armour {unknown}
 h - 2 scrolls of noise {unknown}
 j - 3 scrolls of enchant weapon {unknown}
 k - 2 scrolls of revelation {unknown}
 l - 4 scrolls of identify {unknown}
 p - 3 scrolls of vulnerability {!r}
 q - a scroll of amnesia {unknown}
 s - a scroll of brand weapon {unknown}
 v - 2 scrolls of torment {unknown}
 w - 2 scrolls of teleportation {unknown}
 x - a scroll of fog {unknown}
 D - a scroll of silence {unknown}
 G - a scroll of poison {unknown}
 L - a scroll of immolation {unknown}
Potions
 b - 3 potions of magic
 d - 2 potions of degeneration {!q}
 f - 3 potions of haste {unknown}
 i - 3 potions of mutation {unknown}
 n - 2 potions of brilliance {unknown}
 o - 3 potions of lignification {!q}
 r - a potion of berserk rage {unknown}
 t - 5 potions of curing {@q1}
 u - a potion of cancellation
 z - 7 potions of heal wounds {unknown}
 A - a potion of resistance {unknown}
 E - a potion of enlightenment {unknown}
 R - a potion of invisibility {unknown}

Dungeon Overview and Level Annotations

Branches:
Dungeon (10/15)            Temple (0/1) D:6            Lair (0/5) D:9
    Orc: D:9-12

Shops:
D:3 !   D:7 (

Annotations:
D:5 2 transporters, Edmund; funaii's ghost, novice DjFE
D:6 exclusion: door, Maggie
D:9 1 runed translucent door

▒............
▒▒▒▒▒▒▒▒▒............ ▒
▒.......▒............ .▒
▒.......▒............ ..▒
▒.......▒.......(.... ..▒
▒.......▒............
..▒▒▒▒▒▒▒▒▒▒▒.......▒............
....................+...........>
▒▒▒▒▒....▒▒▒▒...p...▒............
..............O....'...........<
▒▒▒▒▒....▒▒▒▒.o.>...▒............
.........▒▒▒▒.......▒..........[.
▒.▒.....'..'.......▒............
▒ ▒.....▒.▒▒..)....▒............
▒.▒....▒▒.▒▒▒▒▒▒▒▒▒▒▒▒..▒▒▒▒▒▒▒.
▒▒.▒.▒..▒▒.▒▒ ..▒ ▒.
................W. ..▒ ▒.


You could see a two-headed ogre and an orc.


Message History

Aiming: Fulminant Prism (dangerous; 3% risk of failure)
Press: ? - help, Dir - move target You conjure a prism of explosive energy!
A fulminant prism comes into view.
The two-headed ogre hits you with a +0 giant spiked club!!
The two-headed ogre hits you with a +0 giant spiked club!!
* * * LOW HITPOINT WARNING * * *
Your fulminant prism explodes!
The blast of energy engulfs the two-headed ogre!!
The two-headed ogre is heavily wounded.
You hear a shout!
Unknown command.
You hit the two-headed ogre.
The two-headed ogre is heavily wounded.
Your fulminant prism crackles loudly.
The two-headed ogre hits you with a +0 giant spiked club!
* * * LOW HITPOINT WARNING * * *
The two-headed ogre hits you with a +0 giant spiked club!
* * * LOW HITPOINT WARNING * * *
You hit the two-headed ogre.
The two-headed ogre is heavily wounded.
Your fulminant prism explodes!
The blast of energy engulfs the two-headed ogre!
The two-headed ogre is almost dead.
The two-headed ogre hits you but does no damage.
The two-headed ogre hits you but does no damage.
The two-headed ogre attacks as you move away!
The two-headed ogre closely misses you.
The two-headed ogre hits you with a +0 giant spiked club!!
You die...

Action                     |  1- 3 |  4- 6 |  7- 9 | 10-12 || total
---------------------------+-------+-------+-------+-------++-------
  Melee: Unarmed           |     7 |       |       |       ||     7
         Dagger            |    11 |    48 |       |       ||    59
         Punch             |       |     1 |     1 |       ||     2
         Flail             |       |       |    30 |       ||    30
         Halberd           |       |       |    77 |    28 ||   105
   Cast: Magic Dart        |    73 |    71 |    69 |    25 ||   238
         Searing Ray       |       |    14 |    18 |    19 ||    51
         Fulminant Prism   |       |       |    52 |    24 ||    76
  Evoke: Wand              |       |       |     6 |       ||     6
    Use: Scroll            |       |       |     1 |       ||     1
   Stab: Sleeping          |       |     1 |     1 |       ||     2
 Armour: Robe              |     3 |    31 |    20 |       ||    54
         Steam dragon scal |       |       |    52 |    39 ||    91
  Dodge: Dodged            |     9 |    74 |   153 |    44 ||   280

Levels and vault maps discovered:
D:1:      minmay_arrival_shoal_huts, layout_basic
D:2:      minmay_diamond_boxcup, layout_basic, basic_altar
D:3:      layout_basic, serial_shops, shop
D:4:      layout_gridville, lemuel_round_altar
D:5:      layout_rooms, grunt_dithmenos_shadows, gammafunk_ghost_smash,
          uniq_edmund
D:6:      layout_loops_ring, tso_altar, nicolae_overflow_two_pavilions,
          minmay_temple_entry_glassed_door, serial_rivers,
          chequers_serial_rivers_room_b, chequers_serial_rivers_small_a,
          chequers_serial_rivers_micro_d, chequers_serial_rivers_room_a,
          chequers_serial_rivers_small_b, chequers_serial_rivers_micro_b,
          grunt_ministairs_15, uniq_maggie
D:7:      layout_loops_ring, serial_shops, nicolae_square_shop, uniq_menkaure,
          uniq_duvessa, uniq_pikel
D:8:      layout_basic, dk_yredelemnul_ordeal
D:9:      minmay_gate_of_8, layout_loops_ring, david_lair_shrubbed,
          serial_co_window_serial, co_window_corner_a, co_window_paths_a,
          co_window_of_opportunity_a, co_window_paths_a, co_window_paths_b,
          co_window_paths_a, co_window_corner_a, co_window_of_opportunity_c,
          co_window_broadway_c, co_window_of_opportunity_b, co_window_2corner,
          glass_columns_c, glass_columns_a, glass_columns_a, glass_columns_b,
          glass_columns_b, minmay_misc_feat_diagonals, uniq_prince_ribbit1,
          uniq_psyche
D:10:     minmay_blocky_corners, layout_basic, serial_shops,
          kennysheep_mini_moat, uniq_snorg

Notes
Turn   | Place    | Note
-------+----------+-------------------------------------------
     0 | D:1      | sanka the Demigod Conjurer began the quest for the Orb.
     0 | D:1      | Reached XP level 1. HP: 14/14 MP: 5/5
   196 | D:1      | Reached skill level 2 in Spellcasting
   351 | D:1      | Reached skill level 4 in Conjurations
   381 | D:1      | Reached XP level 2. HP: 20/20 MP: 5/7
   384 | D:1      | Learned a level 2 spell: Searing Ray
  1259 | D:2      | Reached XP level 3. HP: 26/26 MP: 1/8
  1563 | D:2      | Reached skill level 5 in Conjurations
  1852 | D:2      | Reached XP level 4. HP: 33/33 MP: 5/9
  2350 | D:3      | Found Qiakhlepe's Distillery.
  3025 | D:3      | Bought a potion of degeneration for 12 gold pieces
  3025 | D:3      | Bought a potion of curing for 36 gold pieces
  3025 | D:3      | Bought a potion of lignification for 36 gold pieces
  3025 | D:3      | Bought a potion of cancellation for 96 gold pieces
  3185 | D:4      | Reached skill level 6 in Conjurations
  3185 | D:4      | Reached XP level 5. HP: 39/39 MP: 4/10
  3413 | D:4      | Reached skill level 1 in Fighting
  3492 | D:5      | Entered Level 5 of the Dungeon
  3494 | D:5      | Found a transporter.
  3497 | D:5      | Found a transporter.
  3497 | D:5      | Identified the +1 giant spiked club of Somewhere Else
                  | {venom, Dex+2 SInv}
  3497 | D:5      | Noticed an ogre
  3498 | D:5      | Noticed funaii's ghost (novice DjFE)
  3501 | D:5      | Noticed an ogre
  3562 | D:5      | Reached skill level 2 in Fighting
  3604 | D:5      | Noticed Edmund
  3638 | D:5      | Reached skill level 3 in Fighting
  3638 | D:5      | Reached XP level 6. HP: 48/51 MP: 1/11
  3915 | D:5      | Reached skill level 4 in Fighting
  4024 | D:5      | Learned a level 4 spell: Fulminant Prism
  4191 | D:5      | Reached XP level 7. HP: 52/59 MP: 8/13
  4274 | D:5      | Reached skill level 7 in Conjurations
  4959 | D:4      | Reached skill level 1 in Hexes
  5123 | D:4      | Upgraded the game from 0.31-a0-221-gbddc013574 to
                  | 0.31-a0-222-gefeffbb62a
  5643 | D:6      | Identified +0 acid dragon scales
  5643 | D:6      | Noticed Maggie
  5763 | D:6      | Reached skill level 8 in Conjurations
  5839 | D:6      | Found a staircase to the Ecumenical Temple.
  5898 | D:6      | Noticed a steam dragon
  5906 | D:6      | Killed a steam dragon
  5906 | D:6      | Identified +0 steam dragon scales
  6018 | D:6      | Reached XP level 8. HP: 60/66 MP: 9/14
  6141 | D:6      | Reached skill level 9 in Conjurations
  6725 | D:6      | Noticed a boulder beetle
  6772 | D:6      | Identified the +6 chain mail of Japhuech {rF+ Int+3}
  7026 | D:7      | Reached skill level 3 in Spellcasting
  7293 | D:7      | Noticed Menkaure
  7299 | D:7      | Killed Menkaure
  7486 | D:7      | Noticed Pikel
  7493 | D:7      | Killed Pikel
  7494 | D:7      | Reached skill level 4 in Spellcasting
  7494 | D:7      | Reached skill level 10 in Conjurations
  7567 | D:7      | Reached XP level 9. HP: 71/71 MP: 8/19
  7639 | D:7      | Reached skill level 5 in Spellcasting
  7741 | D:7      | Found Edaucof's Antique Weapon Shoppe.
  7779 | D:7      | Identified a +0 robe of resistance
  7779 | D:7      | Noticed Dowan
  7782 | D:7      | Noticed Duvessa
  7797 | D:7      | Killed Duvessa
  7814 | D:7      | Killed Dowan
  8601 | D:8      | Reached skill level 11 in Conjurations
  9213 | D:8      | Reached skill level 12 in Conjurations
  9215 | D:8      | Reached skill level 2 in Dodging
  9961 | D:8      | Found a runed translucent door.
 10157 | D:9      | Noticed Prince Ribbit
 10178 | D:9      | Killed Prince Ribbit
 10179 | D:9      | Reached XP level 10. HP: 18/80 MP: 9/21
 10397 | D:9      | Noticed a centaur warrior
 10397 | D:9      | Noticed a cyclops
 10397 | D:9      | Noticed a deep elf zephyrmancer
 10405 | D:9      | Found a runed translucent door.
 10407 | D:9      | Noticed a cyclops
 10407 | D:9      | Noticed a wolf spider
 10523 | D:9      | Reached skill level 3 in Dodging
 10620 | D:9      | Reached skill level 5 in Fighting
 10667 | D:9      | Identified +0 acid dragon scales
 10696 | D:9      | Reached skill level 4 in Dodging
 11289 | D:9      | Noticed a two-headed ogre
 11295 | D:9      | Killed a two-headed ogre
 11296 | D:9      | Reached skill level 6 in Fighting
 11303 | D:9      | Noticed Psyche
 11309 | D:9      | Killed Psyche
 11310 | D:9      | Reached skill level 5 in Dodging
 11495 | D:9      | Found a staircase to the Lair.
 11850 | D:9      | Reached skill level 7 in Fighting
 11854 | D:9      | Reached skill level 6 in Dodging
 12269 | D:9      | Noticed a steelbarb worm
 12269 | D:9      | Noticed a swamp dragon
 12270 | D:9      | Upgraded the game from 0.31-a0-222-gefeffbb62a to
                  | 0.31-a0-229-g1fc7ce93e2
 12307 | D:10     | Entered Level 10 of the Dungeon
 12733 | D:10     | Noticed a two-headed ogre
 12734 | D:10     | Reached XP level 11. HP: 79/93 MP: 8/22
 12751 | D:10     | Slain by a two-headed ogre

Vanquished Creatures
  A two-headed ogre (D:9)
  Pikel (D:7)
  A komodo dragon (D:9)
  Psyche (D:9)
  2 trolls (D:10)
  Prince Ribbit (D:9)
  2 wraiths
  19 yaks
  A human (D:8)
  4 steam dragons
  Menkaure (D:7)
  An acid dragon (D:9)
  2 water moccasins
  Duvessa (D:7)
  3 orc warriors
  2 ice beasts
  3 ogres
  3 centaurs
  3 kobold brigands
  A phantom (D:5)
  A lemure (D:7)
  3 bullfrogs
  7 wights
  Dowan (D:7)
  4 howler monkeys
  A jelly (D:4)
  5 orc priests
  3 hounds
  2 iguanas
  A sleepcap (D:6)
  10 orc wizards
  8 adders
  A white imp (D:6)
  An ufetubus (D:5)
  2 dart slugs
  37 orcs
  5 endoplasms
  4 giant cockroaches
  8 goblins
  11 hobgoblins
  A jackal (D:2)
  27 kobolds
  3 quokkas
  7 ball pythons
  3 bats
  6 frilled lizards
  A jackal skeleton (D:8)
  4 rats
220 creatures vanquished.

Vanquished Creatures (collateral kills)
  2 wights (D:7)
  A hound (D:7)
  2 orcs (D:6)
5 creatures vanquished.

Vanquished Creatures (others)
  2 wights (D:7)
  76 fulminant prisms
78 creatures vanquished.

Grand Total: 303 creatures vanquished
